[Event "Late-Titled-Tuesday-Blitz-September-26-2023"]
[Site "Chess.com"]
[Date "2023.09.26"]
[Round "9"]
[White "RIPOL"]
[Black "IMRosen"]
[Result "1-0"]
[WhiteElo "2420"]
[BlackElo "2549"]
[TimeControl "180+1"]
[EndTime "15:41:23 PDT"]
[Termination "RIPOL won on time"]

1. d4 d5 2. c4 e6 3. Nc3 Nf6 4.
cxd5 exd5 5. Bg5 c6 6. Qc2 Bd6 7. e3 O-O 8. Bd3 h6 9. Bh4 Re8 10. Nge2 a5 11. h3 Na6 12. a3 Nc7 13. O-O Ne6 14.
f3 Ng5 15. Bf2 Nxh3+ 16. gxh3 Bxh3 17. Bf5 Bxf1 18. Rxf1 Nh5 19. Bg4 g6 20. Bxh5 Qg5+ 21. Bg4 h5 22. Kg2 hxg4 23. f4 Qe7 24. Rh1 f5 25. Nc1 b5 26. Qd3 b4 27. axb4 axb4 28. N3e2 Qe4+ 29. Qxe4 Rxe4 30. Nd3 Ra6 31. Rc1 Kf7 32.
Ne5+ Bxe5 33. dxe5 Rc4 34. Rh1 Rc2 35. Nd4 Rxb2 36. Rh7+ Kg8 37. Rb7 Raa2 38. Kg3 Rxf2 39. Kh4 Rh2+ 40. Kg5 g3 41. Rb8+ Kf7 42. Rb7+ Ke8 43.
Ne6 Rh7 44. Rxb4 g2 45. Rb1 Re7 46. Kf6 1-0

[Event "Late-Titled-Tuesday-Blitz-September-26-2023"]
[Site "Chess.com"]
[Date "2023.09.26"]
[Round "9"]
[White "traack"]
[Black "ejalmedina"]
[Result "0-1"]
[WhiteElo "2388"]
[BlackElo "2341"]
[TimeControl "180+1"]
[EndTime "15:41:24 PDT"]
[Termination "ejalmedina won on time"]

1. e4 e5 2. Nf3 Nc6 3. Nc3 Nf6 4.
a3 d5 5. Bb5 d4 6. Ne2 Bd6 7.
c3 a6 8. Bxc6+ bxc6 9. cxd4 Nxe4 10. dxe5 Be7 11. Qa4 Nc5 12. Qxc6+ Bd7 13. Qd5 c6 14. Qc4 Be6 15. Qc2 Nd3+ 16. Kf1 c5 17. Ne1 c4 18. b3 Rc8 19. b4 O-O 20. Bb2 Bf5 21. Ng3 Bg6 22.
Qc3 Nxb2 23. Qxb2 f6 24. e6 Bd6 25. Nf3 Bd3+ 26. Kg1 Re8 27. Re1 Qb6 28. Qd4 Qxd4 29. Nxd4 a5 30. Ngf5 Be5 31. b5 a4 32. g3 g6 33. f4 Bb8 34. Nh6+ Kg7 35. Ng4 Ba7 36. Ne3 Bxd4 37. Kf2 Rxe6 38. Kf3 Rce8 39. g4 f5 40. g5 Bxe3 41. dxe3 Be4+ 42. Kf2 Bxh1 43. Rxh1 Rxe3 44. Rb1 Rb3 0-1

[Event "Late-Titled-Tuesday-Blitz-September-26-2023"]
[Site "Chess.com"]
[Date "2023.09.26"]
[Round "9"]
[White "amanmuhammethommadov"]
[Black "Mikhail_Bryakin"]
[Result "0-1"]
[WhiteElo "2603"]
[BlackElo "2845"]
[TimeControl "180+1"]
[EndTime "15:41:28 PDT"]
[Termination "Mikhail_Bryakin won on time"]

1. e4 d5 2. exd5 Qxd5 3. Nc3 Qe5+ 4. Be2 Bg4 5. d4 Bxe2 6. Ngxe2 Qa5 7. b4 Qh5 8. Qd3 Nf6 9. Nf4 Qg4 10. O-O Nc6 11.
d5 Nd8 12. Nb5 Qd7 13. c4 c6 14. Nc3 cxd5 15. cxd5 e5 16. dxe6 Nxe6 17. Qxd7+ Nxd7 18. Nxe6 fxe6 19. a3 Rc8 20. Bb2 Nf6 21. Rfe1 Kf7 22. Rad1 Be7 23. Nb5 a6 24. Nd4 Rhd8 25. Nf3 Rxd1 26.
Rxd1 h6 27. Kf1 Rc2 28. Rd2 Rc7 29. Rd1 Nd5 30. Rc1 Rxc1+ 31. Bxc1 Bf6 32. Ke2 Ke7 33. Kd3 Kd6 34. Nd2 Kc6 35. Ne4 Be7 36. g3 Kb5 37. h4 Ka4 38. h5 b6 39. f4 Kb3 40. g4 a5 41. bxa5 bxa5 42. a4 Kxa4 43. g5 Kb3 44. Ng3 a4 45. gxh6 gxh6 46. f5 Bg5 47. Bxg5 hxg5 48. h6 Nf6 49. Ne4 a3 50. Nxf6 a2 51.
h7 a1=Q 52. h8=Q Qc3+ 53. Ke4 Qc4+ 54. Ke3 Qf4+ 55. Ke2 Qe5+ 56. Kd1 Qd4+ 57. Ke2 Qe5+ 58. Kd1 exf5 59. Qg8+ Kc3 60. Qd8 Qh2 61. Nd5+ Kd4 0-1

[Event "Late-Titled-Tuesday-Blitz-September-26-2023"]
[Site "Chess.com"]
[Date "2023.09.26"]
[Round "9"]
[White "Zhigalko_Sergei"]
[Black "DanielNaroditsky"]
[Result "1-0"]
[WhiteElo "2929"]
[BlackElo "3122"]
[TimeControl "180+1"]
[EndTime "15:41:29 PDT"]
[Termination "Zhigalko_Sergei won by resignation"]

1. e4 c5 2. c3 d6 3. d4 Nf6 4. Bd3 Nc6 5. d5 Ne5 6. Bc2 g6 7. f4 Bg4 8. Qd2 Nc4 9. Qd3 Nb6 10. c4 Bg7 11. Nc3 O-O 12. h3 Bd7 13. Nf3 e6 14. O-O exd5 15. cxd5 Re8 16. Re1 a6 17. Bd2 Nh5 18.
Rad1 Bb5 19. Nxb5 axb5 20. Qxb5 Rxa2 21. Rb1 Ra6 22. Ra1 Nd7 23. Rxa6 bxa6 24. Qxa6 Qb6 25. Qxb6 Nxb6 26. b3 Ra8 27. Bd3 Ra2 28. Bc4 Bd4+ 29. Nxd4 Rxd2 30. Nf3 Rc2 31. e5 Nxf4 32. e6 Rxg2+ 33. Kf1 Nc8 34. Re4 f5 35. Rxf4 Rb2 36.
h4 Ne7 37. Ng5 Kg7 38. Rf2 Rb1+ 39. Kg2 h6 40. Nf3 Kf6 41. Re2 g5 42. hxg5+ hxg5 43. Nd2 Rb2 44. Ne4+ fxe4 45. Rxb2 Ng6 46. Rf2+ Ke5 47.
Rf7 Kd4 48. e7 Nxe7 49. Rxe7 1-0

[Event "Late-Titled-Tuesday-Blitz-September-26-2023"]
[Site "Chess.com"]
[Date "2023.09.26"]
[Round "9"]
[White "Fandorine"]
[Black "MMSANCHEZ"]
[Result "0-1"]
[WhiteElo "2924"]
[BlackElo "2707"]
[TimeControl "180+1"]
[EndTime "15:41:29 PDT"]
[Termination "MMSANCHEZ won by checkmate"]

1. e4 e6 2. d3 d5 3. Nd2 Nf6 4. Ngf3 Nc6 5. Be2 Bd6 6. O-O O-O 7. c3 e5 8. Qc2 a5 9. b3 Re8 10. a3 Bg4 11. Re1 Qd7 12. Bf1 Bc5 13.
h3 Bh5 14. Rb1 Bb6 15. b4 axb4 16. axb4 Qd6 17. exd5 Nxd5 18. Nc4 Qg6 19. Ng5 Bd4 20. Rb3 Bxc3 21. Rxc3 Nd4 22. Qb2 Nxc3 23. Qxc3 f6 24.
Ne4 Nf3+ 25. Kh1 Nxe1 26. Qxe1 Qf7 27. Qc3 Bg6 28. f3 Red8 29. Kh2 b6 30. Bb2 h6 31.
Ne3 h5 32. Nc2 h4 33. d4 Bxe4 34. fxe4 exd4 35. Nxd4 Qe8 36. Bc4+ Kh7 37. Ne6 Rd6 38. Nxc7 Qxe4 39. Nxa8 Qf4+ 40. g3 Rd2+ 41. Kg1 Rd1+ 42.
Kg2 Rd2+ 43. Kg1 Qf2+ 44. Kh1 Qh2# 0-1

[Event "Late-Titled-Tuesday-Blitz-September-26-2023"]
[Site "Chess.com"]
[Date "2023.09.26"]
[Round "9"]
[White "whitemirrorninja"]
[Black "aNaartjieZA"]
[Result "1-0"]
[WhiteElo "2501"]
[BlackElo "2595"]
[TimeControl "180+1"]
[EndTime "15:41:29 PDT"]
[Termination "whitemirrorninja won by checkmate"]

1. e4 e6 2. d4 d5 3. e5 c5 4. c3 Nc6 5. Nf3 Qb6 6. a3 a5 7. a4 cxd4 8. cxd4 Bb4+ 9. Nc3 Bd7 10. Bd3 Nxd4 11. O-O Nc6 12. Nb5 Nge7 13. Be3 Qd8 14. Rc1 Ng6 15. Bg5 Qb8 16. Bxg6 hxg6 17.
Qe2 O-O 18. Qe3 f6 19. Bf4 fxe5 20. Nxe5 Nxe5 21. Bxe5 Qd8 22. Nd4 b6 23. Qg3 g5 24.
Nf3 Rf5 25. Nd4 Rf7 26. f4 Bd2 27. Rcd1 gxf4 28. Qg6 Be3+ 29. Kh1 Qe7 30. Nf3 Bxa4 31. Ng5 Qxg5 32. Qxg5 Bxd1 33. Rxd1 Rc8 34. Qg4 Rc6 35.
h4 Kh7 36. h5 Kg8 37. h6 f3 38. gxf3 Rc2 39. hxg7 Rf5 40. Qh3 Kf7 41. Qh8 Rg5 42.
Qf8+ Kg6 43. g8=Q+ Kh5 44. Qh7# 1-0

[Event "Late-Titled-Tuesday-Blitz-September-26-2023"]
[Site "Chess.com"]
[Date "2023.09.26"]
[Round "9"]
[White "Korchmar_Vasiliy"]
[Black "Beca95"]
[Result "1-0"]
[WhiteElo "2704"]
[BlackElo "2907"]
[TimeControl "180+1"]
[EndTime "15:41:34 PDT"]
[Termination "Korchmar_Vasiliy won by resignation"]

1. e4 c5 2. d4 cxd4 3. Qxd4 Nc6 4. Qd3 Nf6 5. Nc3 g6 6. Nf3 Bg7 7. Be2 d6 8. O-O O-O 9. Nd5 Bg4 10. c3 Nd7 11. Rd1 Bxf3 12. Qxf3 a6 13. Bg5 h6 14. Bh4 g5 15. Bg3 Nce5 16. Qh5 e6 17.
Ne3 Nf6 18. Qh3 Nxe4 19. Bxe5 Bxe5 20. Ng4 Bg7 21. Bf3 f5 22. Nxh6+ Bxh6 23. Qxh6 Rf6 24. Qh5 d5 25. c4 Kg7 26. Bxe4 Rh6 27. Qf3 fxe4 28.
Qc3+ Kh7 29. Qe5 Qf6 30. Qc7+ Qg7 31. Qxg7+ Kxg7 32. cxd5 Rc8 33. d6 Kf7 34. Rac1 Rxc1 35. Rxc1 e5 36. Rc7+ Ke8 37. d7+ Kd8 38. Rxb7 Rc6 39. g3 Rc1+ 40. Kg2 Rc2 41. Kf1 e3 42. fxe3 Rxh2 43. a4 g4 44. b3 Rb2 45. b4 e4 46. a5 Rb1+ 47. Ke2 Rb2+ 48. Kd1 Rb3 49. b5 Rb2 50. bxa6 Ra2 51. a7 Rxa5 52. Rb8+ Kxd7 53.
a8=Q Rd5+ 54. Qxd5+ 1-0

[Event "Late-Titled-Tuesday-Blitz-September-26-2023"]
[Site "Chess.com"]
[Date "2023.09.26"]
[Round "9"]
[White "GaiozNigalidze"]
[Black "ValeriyGrinev"]
[Result "1/2-1/2"]
[WhiteElo "2729"]
[BlackElo "2591"]
[TimeControl "180+1"]
[EndTime "15:41:35 PDT"]
[Termination "Game drawn by stalemate"]

1. d4 Nf6 2. c4 g6 3. Nf3 Bg7 4. Nc3 d5 5. Bg5 dxc4 6. e3 Be6 7. Ne5 Nd5 8. Nxc4 c5 9. Be2 cxd4 10. exd4 Nc6 11. O-O Nxd4 12. Bd3 O-O 13. Ne4 Rc8 14.
a3 Nf6 15. Bxf6 exf6 16. Ncd6 Rc6 17. Nxb7 Qb6 18. Nbc5 Rxc5 19. Nxc5 Qxc5 20. Rc1 Qb6 21. b4 Rd8 22. Qe1 Nf3+ 23. gxf3 Rxd3 24. Qe4 Rxa3 25. Rfd1 h5 26. b5 Ra2 27. Qe3 Rb2 28. Rb1 Rxb1 29. Rxb1 f5 30. Qd2 Be5 31. Kg2 Kg7 32. Re1 Bf6 33.
Qe3 Qxb5 34. Qxa7 f4 35. Qa3 Qg5+ 36. Kh1 Qh4 37. Rf1 Bh3 38. Rg1 Qxf2 39. Qd3 Bd4 40. Rxg6+ Kf8 41. Rg8+ Kxg8 42. Qg6+ Bg7 43. Qxg7+ Kxg7 1/2-1/2

[Event "Late-Titled-Tuesday-Blitz-September-26-2023"]
[Site "Chess.com"]
[Date "2023.09.26"]
[Round "9"]
[White "miraitrunks"]
[Black "ExchangeAB"]
[Result "0-1"]
[WhiteElo "2176"]
[BlackElo "2409"]
[TimeControl "180+1"]
[EndTime "15:41:37 PDT"]
[Termination "ExchangeAB won on time"]

1. e4 c6 2. d4 d5 3. exd5 cxd5 4.
c4 Nf6 5. Nc3 e6 6. Nf3 Bb4 7.
Bd3 dxc4 8. Bxc4 O-O 9. O-O Bxc3 10. bxc3 Qc7 11. Qe2 h6 12. Ne5 Nbd7 13. Bf4 Nxe5 14. Bxe5 Qe7 15. f4 Bd7 16. Rf3 Bc6 17. Rg3 Bd5 18. Bd3 Rfd8 19. Rf1 Ne8 20. f5 f6 21. Bf4 Kf8 22. fxe6 Qxe6 23. Qh5 Rac8 24. Bf5 Qf7 25. Qxf7+ Kxf7 26. Bxc8 Rxc8 27. a3 g5 28. Bd2 Kg6 29.
h4 Nd6 30. hxg5 hxg5 31. Re3 Ne4 32. Be1 Rc4 33. g4 Ra4 34. Rf5 Bc6 35. d5 Bd7 36. Rf1 Bxg4 37. c4 Rxc4 38. Rd3 Bd7 39. Bb4 f5 40. Rfd1 f4 41. Rd4 Rxd4 42. Rxd4 Kf5 43. d6 Ke5 44. Rc4 g4 45. Rc7 Ke6 46. Rc4 Bc6 47. Be1 f3 0-1

[Event "Late-Titled-Tuesday-Blitz-September-26-2023"]
[Site "Chess.com"]
[Date "2023.09.26"]
[Round "9"]
[White "Agibileg"]
[Black "Lady_Nika"]
[Result "1-0"]
[WhiteElo "2692"]
[BlackElo "2528"]
[TimeControl "180+1"]
[EndTime "15:41:38 PDT"]
[Termination "Agibileg won on time"]

1. d4 d5 2. c4 e6 3. Nc3 f5 4. Nf3 Nf6 5. g3 c6 6. Bg2 Bd6 7. Qc2 O-O 8. O-O Ne4 9. Bf4 Qe7 10.
c5 Bxf4 11. gxf4 Nd7 12. b4 a6 13. a4 Rf6 14. b5 axb5 15. axb5 Rxa1 16. Rxa1 Nf8 17.
Ra8 Bd7 18. Ne5 Be8 19. f3 Nxc3 20. Qxc3 Rh6 21. Qe1 cxb5 22. h3 Bc6 23. e3 Be8 24. Kh2 Ng6 25. Qa5 Nf8 26. Bf1 Bc6 27. Qa7 Qh4 28.
Rxf8+ Kxf8 29. Qb8+ Be8 30. Qxb7 Qf2+ 31. Bg2 Qxe3 32.
c6 Qxf4+ 33. Kh1 Qxd4 34. Qb8 Rh4 35. Qd6+ Kg8 36. c7 Qc4 37. Nc6 Qc1+ 38. Kh2 Qxc6 39. Qxc6 Bxc6 40. c8=Q+ Kf7 41. Qxc6 Rc4 42. Qxb5 h6 43.
Qd7+ Kf6 44. Bf1 Rc2+ 45. Kg1 g5 46. Qh7 Ke5 47. Qxh6 1-0

[Event "Late-Titled-Tuesday-Blitz-September-26-2023"]
[Site "Chess.com"]
[Date "2023.09.26"]
[Round "9"]
[White "CheckThis4"]
[Black "snowlord"]
[Result "1-0"]
[WhiteElo "2701"]
[BlackElo "2872"]
[TimeControl "180+1"]
[EndTime "15:41:40 PDT"]
[Termination "CheckThis4 won by resignation"]

1. e4 e6 2. d4 c5 3. d5 exd5 4. exd5 d6 5. Nc3 Nf6 6. Bb5+ Nbd7 7. a4 Be7 8. Nf3 O-O 9. O-O a6 10. Be2 b6 11. Re1 Re8 12. Bf4 Bb7 13. Qd2 Nh5 14.
Be3 Bf6 15. Rad1 h6 16. h3 Ra7 17. Qd3 Ne5 18. Nxe5 Rxe5 19. f4 Rxe3 20. Qxe3 Bd4 21. Rxd4 cxd4 22. Qxd4 Qh4 23. Rf1 Ng3 24. Qxb6 Ra8 25.
Qxb7 Re8 26. Qxa6 Nxf1 27. Bxf1 Qxf4 28. Qd3 Re1 29. a5 Ra1 30. a6 g6 31. Nd1 h5 32.
Nf2 Kg7 33. c3 Kg8 34. b4 Qc1 35. b5 Qb2 36. c4 Qb4 37. Ne4 Qe1 38. Nf6+ Kg7 39.
Nd7 Rd1 40. Qf3 Kg8 41. Qf2 Qc3 42. a7 Ra1 43. Nb6 Qc1 44. a8=Q+ Rxa8 45. Nxa8 Qb1 46. b6 g5 47. Qe2 g4 48. hxg4 hxg4 49. Qxg4+ Kf8 50. Qf4 Qc1 51. Qxd6+ Kg7 52. Qg3+ Kf8 53. Qf2 1-0

[Event "Late-Titled-Tuesday-Blitz-September-26-2023"]
[Site "Chess.com"]
[Date "2023.09.26"]
[Round "9"]
[White "BillieKimbah"]
[Black "Harsha_Bharathakoti"]
[Result "0-1"]
[WhiteElo "2969"]
[BlackElo "2922"]
[TimeControl "180+1"]
[EndTime "15:41:42 PDT"]
[Termination "Harsha_Bharathakoti won by resignation"]

1. d4 Nf6 2. Nf3 d5 3. Bg5 e6 4.
e3 Nbd7 5. Nbd2 h6 6. Bf4 g5 7.
Bg3 Nh5 8. Be5 Ng7 9. h3 Nxe5 10. Nxe5 Bd6 11. c4 Bxe5 12. dxe5 d4 13. Ne4 dxe3 14. fxe3 Qxd1+ 15. Rxd1 Ke7 16. g4 Bd7 17. Nf6 Bc6 18.
Rh2 Rhd8 19. Rd4 Rxd4 20. exd4 Rd8 21. Rd2 Ne8 22. d5 Bd7 23. Ne4 b6 24. Bg2 exd5 25. cxd5 f6 26. d6+ cxd6 27. exf6+ Ke6 28. Rf2 Kf7 29. Nc3 Be6 30. Nd5 Rc8 31. Kd2 Rc5 32.
Nc3 Re5 33. Ne4 Bd5 34. Ng3 Bxg2 35. Rxg2 Nxf6 36. Rf2 Kg6 37. Kd3 Rd5+ 38. Kc4 Rc5+ 39. Kd4 Rd5+ 40. Kc4 b5+ 41. Kb3 Rd3+ 42. Kb4 Rxg3 43. Kxb5 Rxh3 44. Ka6 Nxg4 45. Rd2 h5 46. Kxa7 h4 47. b4 Ra3+ 48. Kb7 h3 49. b5 h2 50. Rd1 Rxa2 51. b6 Nf2 52. Rf1 h1=Q+ 53. Rxh1 Nxh1 0-1

[Event "Late-Titled-Tuesday-Blitz-September-26-2023"]
[Site "Chess.com"]
[Date "2023.09.26"]
[Round "9"]
[White "Bauman_Guy"]
[Black "QuintilianoR"]
[Result "1-0"]
[WhiteElo "2867"]
[BlackElo "2665"]
[TimeControl "180+1"]
[EndTime "15:41:46 PDT"]
[Termination "Bauman_Guy won by resignation"]

1. e4 c5 2. Nf3 d6 3. d4 cxd4 4.
Nxd4 Nf6 5. Nc3 g6 6. Be3 Bg7 7. f3 O-O 8. Qd2 Nc6 9. O-O-O d5 10. exd5 Nxd5 11. Nxc6 bxc6 12. Bd4 e5 13. Bc5 Be6 14.
Ne4 Re8 15. h4 h6 16. h5 f5 17. Nd6 Qf6 18. Nxe8 Rxe8 19. hxg6 Qxg6 20. Bc4 e4 21. Bd4 e3 22. Qd3 Qg5 23. Kb1 f4 24. Bxg7 Qxg7 25. Qd4 Rf8 26. Qxg7+ Kxg7 27. Kc1 Rf5 28. Rh4 Rg5 29. Bxd5 cxd5 30. Rxf4 Rxg2 31. Re1 h5 32. Rxe3 Bg8 33. Re7+ Kg6 34. Re5 Rg1+ 35. Kd2 Rg2+ 36. Kc3 Bf7 37. Re7 Bg8 38. a4 Kg5 39. Rf8 Kh6 40.
Ree8 Kh7 41. Kd4 h4 42. Rf4 h3 43. Rh4+ Kg7 44. Rxh3 Bf7 45. Re7 Rxc2 46. Rb7 Rc4+ 47. Ke5 Rxa4 48. Rg3+ Kf8 49. Rg5 Ra6 50. Rf5 Re6+ 51.
Kd4 Re7 52. Rxe7 Kxe7 53. Ke5 Be6 54. Rf6 Bf7 55. Ra6 1-0

[Event "Late-Titled-Tuesday-Blitz-September-26-2023"]
[Site "Chess.com"]
[Date "2023.09.26"]
[Round "9"]
[White "stregachess"]
[Black "KorolDimitriy75"]
[Result "0-1"]
[WhiteElo "2098"]
[BlackElo "2366"]
[TimeControl "180+1"]
[EndTime "15:41:46 PDT"]
[Termination "KorolDimitriy75 won by resignation"]

1. d4 Nf6 2. Nf3 g6 3. Bf4 c5 4. e3 Qb6 5. dxc5 Qxb2 6. Nbd2 Qc3 7. Rb1 Qxc5 8. Bd3 Nc6 9. Rb5 Qa3 10. O-O d5 11. Ne5 Bg7 12. h3 O-O 13. Qb1 a6 14. Rb6 Nh5 15. Nxc6 bxc6 16. Bh2 Bd7 17. Rb7 Rfd8 18.
Nf3 e6 19. g4 Nf6 20. Ne5 Be8 21. Qb6 c5 22. Qc7 Rac8 23. Qb6 c4 24. Be2 Qc5 25. Qb1 Qa5 26. Bf3 Nd7 27. Nxd7 Bxd7 28. Qd1 Bc6 29. Rb1 Qxa2 30. Ra1 Qxa1 31. Qxa1 Bxa1 32.
Rxa1 Ra8 33. Kg2 a5 34. Be5 a4 35. Ra2 a3 36. Bf6 Rdb8 37. g5 Rb7 38. h4 Rba7 39. h5 Bb5 40. hxg6 hxg6 41. Kg3 Kf8 42. Kg4 Ke8 43.
e4 c3 44. exd5 Bc4 45. dxe6 Bxa2 46. exf7+ Bxf7 47. Bxa8 Rxa8 48. Bxc3 a2 49. Kf4 a1=Q 50. Bxa1 Rxa1 51. Ke5 Rc1 52. Kf6 Rxc2 53. Kg7 Rxf2 54. Kh7 Rf5 55. Kg7 Rxg5 56. Kh7 Rf5 57. Kg7 g5 58. Kh7 g4 59. Kg7 g3 60. Kh6 g2 0-1

[Event "Late-Titled-Tuesday-Blitz-September-26-2023"]
[Site "Chess.com"]
[Date "2023.09.26"]
[Round "9"]
[White "DrCeltic"]
[Black "Mikhail_Golubev"]
[Result "1/2-1/2"]
[WhiteElo "2459"]
[BlackElo "2597"]
[TimeControl "180+1"]
[EndTime "15:41:51 PDT"]
[Termination "Game drawn - insufficient material"]

1. e4 c5 2. Nf3 d6 3. d4 cxd4 4. Nxd4 Nf6 5. Nc3 Nc6 6. Bc4 e6 7. Bb3 Bd7 8. Be3 a6 9. f4 Nxd4 10. Qxd4 Be7 11. O-O-O O-O 12. Kb1 Rc8 13. e5 Ne8 14. g4 Bc6 15. Rhg1 dxe5 16. Qxe5 Qc7 17. Qxc7 Nxc7 18. g5 Rfd8 19. Bb6 Rxd1+ 20. Rxd1 Nb5 21. Nxb5 Bxb5 22. a4 Bc6 23. a5 Kf8 24. c3 Ke8 25. Bc2 g6 26. h4 Bd8 27. h5 Bxb6 28. axb6 Ke7 29. Rd2 Bd5 30. f5 gxf5 31. Bxf5 Rg8 32. Bxh7 Rxg5 33. c4 Bxc4 34. Be4 Rxh5 35. Bxb7 Rb5 36.
Bxa6 Ba2+ 37. Kxa2 Ra5+ 38. Kb3 Rxa6 39. Kc4 Rxb6 40.
Kc5 Rb3 41. Kc4 Rb8 42. b4 e5 43. b5 Ke6 44. Kc5 Rc8+ 45. Kb4 f5 46. b6 e4 47. Kb5 Ke5 48. b7 Rb8 49. Kc6 e3 50. Rd7 Kf4 51.
Re7 Kf3 52. Kd5 Rxb7 53. Rxb7 e2 54. Re7 Kf2 55. Rxe2+ Kxe2 56. Ke5 Kf2 57. Kxf5 1/2-1/2

[Event "Late-Titled-Tuesday-Blitz-September-26-2023"]
[Site "Chess.com"]
[Date "2023.09.26"]
[Round "9"]
[White "Balla_Tamas"]
[Black "Djager97"]
[Result "0-1"]
[WhiteElo "2432"]
[BlackElo "2589"]
[TimeControl "180+1"]
[EndTime "15:41:51 PDT"]
[Termination "Djager97 won by checkmate"]

1. e4 e5 2. Nf3 Nc6 3. d4 exd4 4. Nxd4 Nf6 5. Nxc6 bxc6 6. e5 Qe7 7. Qe2 Nd5 8. h4 f6 9. c4 Ba6 10. Rh3 fxe5 11.
Ra3 Nb4 12. Bg5 Qe6 13. Nc3 Bc5 14. O-O-O O-O 15. Ne4 Bd4 16. Bd2 c5 17. Bxb4 cxb4 18. Rg3 Bb7 19. Ng5 Qf5 20. Nf3 c5 21. Qd2 Qf4 22.
Nxd4 exd4 23. Bd3 Qxf2 24. Qg5 Qf4+ 25. Kb1 Qxg5 26. Rxg5 d6 27. Re1 Rae8 28. Rxe8 Rxe8 29.
Kc2 Re5 30. Rg4 Bc8 31. Rg3 Bf5 32. Kd2 Bxd3 33. Kxd3 Kf7 34. Rf3+ Ke7 35. g4 a5 36.
b3 h6 37. Kc2 Re4 38. g5 hxg5 39. hxg5 Rg4 40. Rf5 g6 41. Rd5 Ke6 42. Kd3 Rg3+ 43.
Kc2 Re3 44. Kb1 Re5 45. Kc2 Rxd5 46. cxd5+ Kxd5 47. Kd3 Ke5 48. Kc4 Ke4 49. Kb5 d3 50. Kxa5 d2 51. a3 d1=Q 52. axb4 cxb4 53. Kxb4 Qc2 54.
Kb5 Qxb3+ 55. Kc6 d5 56. Kd6 d4 57. Ke7 Qb6 58. Kf8 Kf5 59. Kg7 Qc7+ 60. Kh8 Kxg5 61.
Kg8 Kf6 62. Kf8 Qd8# 0-1

[Event "Late-Titled-Tuesday-Blitz-September-26-2023"]
[Site "Chess.com"]
[Date "2023.09.26"]
[Round "9"]
[White "NovikovaGalina"]
[Black "Inepton_Fermion"]
[Result "0-1"]
[WhiteElo "2396"]
[BlackElo "2367"]
[TimeControl "180+1"]
[EndTime "15:41:55 PDT"]
[Termination "Inepton_Fermion won by resignation"]

1. e4 c5 2. Nf3 e6 3. b4 cxb4 4. a3 d5 5. e5 Nc6 6. axb4 Nxb4 7. c3 Nc6 8. d4 Bd7 9. Bd3 h6 10. O-O a6 11. Nfd2 b5 12. f4 Nge7 13. Nf3 Na5 14. Ba3 Nc4 15. Bc5 Ne3 16. Qe2 Nxf1 17. Qxf1 Nf5 18. Bxf8 Kxf8 19. Qf2 h5 20. Nbd2 h4 21. Nb3 a5 22. Nc5 Bc6 23. Ng5 Qe7 24. Qe2 g6 25. Bxb5 Bxb5 26. Qxb5 Kg7 27. h3 Rhb8 28. Qc6 Qe8 29. Qc7 Kg8 30. Nd7 Qe7 31.
Nf6+ Kg7 32. Qc6 Rc8 33. Qa4 Ne3 34. Rc1 Rc4 35. Qa2 a4 36. Qd2 Nf5 37. Qe2 a3 38. Nfe4 a2 39. Ra1 Rca4 40. Nc5 Ra3 41. Qb2 Kg8 42.
Kh2 R3a7 43. c4 Qc7 44. cxd5 exd5 45. e6 Qxf4+ 46. Kh1 Qxg5 47. exf7+ Rxf7 48. Rxa2 Rxa2 49. Qxa2 Qc1+ 50. Kh2 Ng3 51. Qa8+ Kh7 52. Qa1 Qxa1 0-1

[Event "Late-Titled-Tuesday-Blitz-September-26-2023"]
[Site "Chess.com"]
[Date "2023.09.26"]
[Round "9"]
[White "Lion_DL"]
[Black "The_Princess_Moon"]
[Result "1/2-1/2"]
[WhiteElo "2489"]
[BlackElo "2297"]
[TimeControl "180+1"]
[EndTime "15:41:56 PDT"]
[Termination "Game drawn - insufficient material"]

1. e4 c5 2. b3 d6 3. Bb2 e5 4. Nc3 Nc6 5. Bb5 Bd7 6. Bxc6 Bxc6 7. Nge2 g6 8. O-O Bg7 9. f4 exf4 10. Nxf4 Ne7 11.
Rb1 O-O 12. d3 d5 13. Ncxd5 Nxd5 14. Bxg7 Kxg7 15. exd5 Bxd5 16. Qg4 Bc6 17. Kh1 Kh8 18. Rbe1 Qd4 19. Qg5 Rae8 20. Qh6 Qg7 21. Qxg7+ Kxg7 22. Kg1 Rxe1 23. Rxe1 g5 24. Nh3 h6 25. Kf2 Re8 26. Rxe8 Bxe8 27. Ke3 Bc6 28. g3 f5 29. d4 cxd4+ 30.
Kxd4 Kf6 31. c4 Bg2 32. Nf2 h5 33. b4 h4 34. gxh4 gxh4 35. Ke3 Kg5 36. Nd3 Bf1 37.
Ne5 f4+ 38. Kf2 Bh3 39. Nf3+ Kh5 40. c5 Bd7 41. a3 Bb5 42. Nd4 Ba4 43. Kf3 Kg5 44.
Ne6+ Kf5 45. Nxf4 Bc6+ 46. Ke3 Kg4 47. Ng6 Kh3 48. Kf2 Be8 49. Ne7 Kxh2 50. Nc8 a6 51.
Nd6 Bc6 52. Nf5 Kh3 53. Nd4 Bd7 54. Ne2 Kg4 55. Kg2 Bc6+ 56. Kh2 Kf3 57. Nc3 Ke3 58. a4 Kd3 59. b5 axb5 60. axb5 Bf3 61. c6 bxc6 62.
bxc6 Bxc6 63. Kh3 Kxc3 64. Kxh4 1/2-1/2

[Event "Late-Titled-Tuesday-Blitz-September-26-2023"]
[Site "Chess.com"]
[Date "2023.09.26"]
[Round "9"]
[White "nihalsarin"]
[Black "Druid24"]
[Result "1-0"]
[WhiteElo "3069"]
[BlackElo "2707"]
[TimeControl "180+1"]
[EndTime "15:41:58 PDT"]
[Termination "nihalsarin won on time"]

1. d4 Nf6 2. Bg5 e6 3. g4 h6 4.
Bxf6 Qxf6 5. Bg2 d5 6. c4 dxc4 7. Qa4+ Nd7 8. Qxc4 g6 9. Nc3 Bg7 10. e3 O-O 11. Nge2 c6 12. h4 e5 13. d5 Nb6 14.
Qb4 cxd5 15. Nxd5 Nxd5 16. Bxd5 a5 17. Qe4 Be6 18. Nc3 Rad8 19. Rd1 b6 20. g5 hxg5 21.
hxg5 Qxg5 22. Bxe6 fxe6 23. Rxd8 Rxd8 24. Ke2 Qf5 25. Rg1 Kf7 26. Rg3 Qxe4 27. Nxe4 a4 28. Rg1 Rd7 29. Rc1 Ke7 30. Rc6 b5 31. Rb6 Rd5 32.
Rb7+ Rd7 33. Rxb5 Ra7 34. a3 Kd7 35. Rb6 Bf8 36. Rb5 Bd6 37. Kd3 Kc6 38. Kc4 Rh7 39.
Ra5 Kb6 40. Rxa4 Rh4 41. Kd3 Be7 42. Nc3 Rh2 43. Ke2 Bh4 44. Ne4 Be7 45. Rb4+ Bxb4 46.
axb4 Kb5 47. Ng5 Kxb4 48. Nxe6 Kc4 49. Ng5 Kd5 50. Kf3 Rh1 51. Ne4 Rh3+ 52. Kg4 Rh8 53.
Nd2 Rb8 54. b3 Rc8 55. Nc4 Rf8 56. f3 Rb8 57. Nd2 Ra8 58. Ne4 Ra2 59. Nc3+ 1-0

[Event "Late-Titled-Tuesday-Blitz-September-26-2023"]
[Site "Chess.com"]
[Date "2023.09.26"]
[Round "9"]
[White "DefiantChair"]
[Black "arminmusovic"]
[Result "0-1"]
[WhiteElo "2534"]
[BlackElo "2517"]
[TimeControl "180+1"]
[EndTime "15:41:59 PDT"]
[Termination "arminmusovic won by checkmate"]

1. e4 c6 2. d4 d5 3. e5 c5 4. dxc5 Nc6 5. Nf3 Bg4 6. c3 e6 7.
Be3 Nge7 8. Be2 Bxf3 9. Bxf3 Nxe5 10. Be2 Nf5 11. Bd4 Nxd4 12. cxd4 Nc6 13. O-O Be7 14.
Bb5 O-O 15. Bxc6 bxc6 16. Re1 Rb8 17. Qd2 Re8 18. Nc3 Bf6 19. b3 e5 20. dxe5 Bxe5 21.
Rac1 Qf6 22. g3 h5 23. Nd1 h4 24. Ne3 Qf3 25. Qd1 Qxd1 26. Rexd1 Rb4 27. Kg2 Kf8 28. Nf5 g5 29. Rd3 f6 30. Rc2 Kf7 31. Re3 Rh8 32. a3 h3+ 33. Kf1 Re4 34. Rxe4 dxe4 35. Ke2 Ke6 36.
Ne3 f5 37. Rd2 f4 38. Nc4 e3 39. Rd1 exf2 40. Kxf2 fxg3+ 41. hxg3 Bc7 42. Nd6 h2 43.
Kg2 h1=Q+ 44. Rxh1 Rxh1 45. Kxh1 Bxd6 46. cxd6 Kxd6 47.
Kg2 g4 48. Kf2 Ke5 49. Ke3 c5 50. Kd3 Kd5 51. b4 a6 52. Ke3 cxb4 53. axb4 Kc4 54.
Kf4 Kxb4 55. Kxg4 a5 56. Kh5 a4 57. g4 a3 58. g5 a2 59. g6 a1=Q 60. Kh6 Qh8+ 61.
Kg5 Qg8 62. Kf5 Kc5 63. Kf6 Kc6 64. g7 Kd7 65. Kg6 Ke7 66. Kh6 Kf6 67. Kh5 Qxg7 68. Kh4 Qg2 69. Kh5 Qg3 70. Kh6 Qh4# 0-1

[Event "Late-Titled-Tuesday-Blitz-September-26-2023"]
[Site "Chess.com"]
[Date "2023.09.26"]
[Round "9"]
[White "OparinGrigoriy"]
[Black "Nor1lsk"]
[Result "1-0"]
[WhiteElo "2983"]
[BlackElo "2757"]
[TimeControl "180+1"]
[EndTime "15:42:01 PDT"]
[Termination "OparinGrigoriy won on time"]

1. d4 d6 2. Nf3 Nf6 3. c4 Bf5 4. g3 h6 5. Bg2 c6 6. O-O Nbd7 7.
Nc3 Ne4 8. Nh4 Nxc3 9. bxc3 Bh7 10. f4 e5 11. fxe5 dxe5 12. e4 Be7 13. Nf5 Bxf5 14.
Rxf5 O-O 15. Be3 Bg5 16. Bf2 g6 17. Rf3 Bf6 18. Rb1 b6 19. Qa4 Qc7 20. Rd1 Bg7 21. Bh3 Nf6 22. Qc2 Rae8 23. Re1 Re7 24. c5 Rfe8 25. cxb6 axb6 26. Rfe3 Nh7 27. R3e2 Ng5 28.
Bg2 exd4 29. cxd4 Ne6 30. e5 Rd8 31. Rd1 Red7 32. Red2 c5 33. d5 Nd4 34. Bxd4 cxd4 35. Qxc7 Rxc7 36. d6 Rc5 37. Rxd4 Bxe5 38. R4d2 Ra5 39.
d7 Ra7 40. Bc6 Rc7 41. Bb5 Kf8 42. Re2 f6 43. a4 Ke7 44. Kg2 Rc5 45. Rd3 Rc1 46.
h4 g5 47. h5 Rc5 48. Kh3 Rc1 49. Kg4 Ke6 50. Rde3 Rh1 51. Rf3 Rc1 52. Rd3 Rh1 53. Bc4+ Ke7 54. Kf5 Rxh5 55. Bb5 Rh3 56. Ree3 h5 57.
Rf3 Rh1 58. Kg6 h4 59. gxh4 Rxh4 60. Kf5 Rh1 61. Rh3 Rxh3 62. Rxh3 Kd6 63. Rh7 Kc7 64. Re7 Bd4 65. Re6 Be5 66. Rc6+ Kb7 67. Rc8 Bc7 68.
Kg4 Rxc8 69. Ba6+ 1-0